 Seeded DCSS version 0.28-a0-925-gd5e1996cdb (webtiles) character file.

Game seed: 20211126 (custom seed)

17 a11behringer the Chopper (level 2, -2/27 HPs)
             Began as a Hill Orc Monk on Nov 26, 2021.
             Slain by an adder (3 damage)
             ... on level 2 of the Dungeon.
             The game lasted 00:01:38 (217 turns).

a11behringer the Chopper (Hill Orc Monk)             Turns: 217, Time: 00:01:39

Health: -2/27      AC:  2    Str: 13    XL:     2   Next: 62%
Magic:  2/2        EV: 12    Int: 10    God:
Gold:   3          SH:  0    Dex: 13    Spells: 1/1 levels left

rFire   . . .      SeeInvis .   a - +0 hand axe
rCold   . . .      Faith    .   (no shield)
rNeg    . . .      Spirit   .   b - +0 robe
rPois   .          Reflect  .   (no helmet)
rElec   .          Harm     .   (no cloak)
rCorr   .          Rampage  .   (no gloves)
Will    .....                   (no boots)
Stlth   ++........              (no amulet)
HPRegen 0.09/turn               (no ring)
MPRegen 0.08/turn               (no ring)

@: no status effects
A: no striking features
a: no special abilities


You were on level 2 of the Dungeon.
You visited 1 branch of the dungeon, and saw 2 of its levels.

You collected 3 gold pieces.

Inventory:

Hand Weapons
 a - a +0 hand axe (weapon)
Missiles
 d - 4 javelins (quivered)
Armour
 b - a +0 robe (worn)
Scrolls
 c - a scroll of blinking {unknown}
 e - 2 scrolls of identify {unknown}
Potions
 f - a potion of attraction {unknown}


   Skills:
 + Level 4.0 Fighting
 * Level 4.5 Axes
 + Level 2.6 Dodging
 - Level 1.5 Stealth


You had one spell level left.
You didn't know any spells.
Your spell library was empty.

Dungeon Overview and Level Annotations

Branches:
Dungeon (2/15)

Altars:
The Shining One


Message History

The kobold hits you with a +0 whip.
The adder hisses angrily.
You hit the kobold.
The kobold is severely wounded.
The kobold hits you with a +0 whip.
You hit the kobold.
You kill the kobold!
The adder bites you.
Things that are here:
a +0 whip; 9 gold pieces The adder closely misses you.
You closely miss the adder. The adder closely misses you. The adder bites you.
You closely miss the adder. The adder barely misses you.
You closely miss the adder. The adder closely misses you.
You slash the adder!
The adder is almost dead.
The adder bites you.
You are poisoned.
The adder poisons you! The adder barely misses you.
You hit the adder but do no damage.
The adder is almost dead.
You feel sick. The adder closely misses you.
You hit the adder.
You kill the adder!
You feel sick.
Your Fighting skill increases to level 4!
You feel sick.
An adder comes into view.
Found a glowing golden altar of the Shining One.
You feel sick.
You feel sick.
You feel sick.
You are no longer poisoned.
The adder hisses angrily.
You hit the adder but do no damage. The adder bites you.
* * * LOW HITPOINT WARNING * * *
The adder closely misses you.
You hit the adder but do no damage. The adder bites you but does no damage.
You barely miss the adder. You hit the worm. The adder bites you.
You die...

###########.# #.# #.#
#.# # #.# ..
#.########.#.. #####
#.##..........
......#####...†.)....#
......S@w.####.#######
.._...###...†..# .....
######## .... ###


You could see a worm and an adder.

Vanquished Creatures
  An adder (D:2)
  2 endoplasms (D:2)
  3 hobgoblins
  A kobold (D:2)
7 creatures vanquished.

Notes
Turn   | Place    | Note
-------+----------+-------------------------------------------
     0 | D:1      | a11behringer the Hill Orc Monk began the quest for the Orb.
     0 | D:1      | Reached XP level 1. HP: 19/19 MP: 1/1
   194 | D:2      | Reached XP level 2. HP: 21/27 MP: 2/2
   212 | D:2      | Found a glowing golden altar of the Shining One.
   215 | D:2      | HP: 1/27 [adder (2)]
   217 | D:2      | Slain by an adder

Illustrated notes

Levels and vault maps discovered:
D:1:      dpeg_arrival_tiny_f, layout_rooms,
          hellmonk_ecumenical_altar_crossroads, interstate_on_off,
          due_unseen_surprise
D:2:      layout_loops_ring, basic_altar, minmay_fountain_box

Skill      XL: |  1  2 |
---------------+-------+-----
Fighting       | 4 |  4.0
Axes           | |  4.5
Dodging        | |  2.6
Stealth        | |  1.5

Action                   || total
-------------------------++-------
Melee: Hand axe          ||    30
Armor: Robe              ||     4
Dodge: Dodged            ||    16

Table legend: (Time is in decaauts)
 A = Elapsed time spent in this place.
 B = Non-inter-level travel time spent in this place.
 C = Inter-level travel time spent in this place.
 D = Time resting spent in this place.
 E = Time spent auto-exploring this place.
 F = Levels seen in this place.
 G = Mean time per level.
                   A        B        C        D        E       F      G
               +--------+--------+--------+--------+--------+-----+--------+
         Total |    219 |     64 |    155 |      0 |      0 |   2 |  109.5 |
       Dungeon |    219 |     64 |    155 |      0 |      0 |   2 |  109.5 |
               +--------+--------+--------+--------+--------+-----+--------+

Top non-repeatable levels by time:
     D:2: 183 daAuts
     D:1: 35 daAuts
